 Dungeon Crawl Stone Soup version 0.21-b1-21-g86478ac (webtiles) character file.

7009 pomescollege the Destroyer (level 10, 0/88 HPs)
             Began as a Red Draconian Conjurer on Jan 4, 2018.
             Was a Follower of Ashenzari.
             Slain by a yak (15 damage)
             ... on level 10 of the Dungeon.
             The game lasted 00:51:19 (10500 turns).

pomescollege the Destroyer (DrCj)                  Turns: 10500, Time: 00:51:20

Health: 0/88       AC:  9    Str: 13    XL:     10   Next: 82%
Magic:  3/15       EV: 15    Int: 18    God:    Ashenzari [*.....]
Gold:   420        SH:  0    Dex: 14    Spells: 6/16 levels left

rFire    + + +     SeeInvis +   B - +8 trident "Viwnira" {chaos, Str+4}
rCold    x . .     Gourm    .   (no shield)
rNeg     . . .     Faith    .   (armour unavailable)
rPois    .         Spirit   .   (helmet restricted)
rElec    .         Reflect  .   (no cloak)
rCorr    .         Harm     .   k - +1 pair of gloves (curse)
MR       .....                  (no boots)
Stlth    +++.......             (no amulet)
HPRegen  0.24/turn              c - ring of see invisible (curse)
MPRegen  0.14/turn              l - ring of Youthful Indiscretion {Fire Int+2} (curse)

@: no status effects
A: breathe fire, unfitting armour, fire resistance 2, weak 1, cold-blooded, AC
+7
a: Breathe Fire, Curse Item, Scrying, Renounce Religion


You were on level 10 of the Dungeon.
You worshipped Ashenzari.
Ashenzari was aware of your devotion.
You were hungry.

You visited 1 branch of the dungeon, and saw 9 of its levels.

You collected 420 gold pieces.

Inventory:

Hand Weapons
 j - a +2 dagger of venom
 B - the +8 trident "Viwnira" (weapon) {chaos, Str+4}
   (You found it on level 10 of the Dungeon)

   Each time it hits an enemy it has a different, random effect.
   It affects your strength (+4).
Missiles
 f - 170 stones
 s - an exploding tomahawk (quivered)
Armour
 k - a cursed +1 pair of gloves (worn)
Jewellery
 c - a cursed ring of see invisible (left hand)
 l - the cursed ring of Youthful Indiscretion (right hand) {Fire Int+2}
   (You found it on level 7 of the Dungeon)

   [ring of fire]

   It enhances your fire magic.
   It affects your intelligence (+2).
   It protects you from fire.
   It makes you vulnerable to cold.
   It has a curse placed upon it.
 t - an uncursed ring of magical power
Wands
 n - a wand of paralysis (2)
 q - a wand of flame (8)
 w - a wand of disintegration (10)
Scrolls
 d - 7 scrolls of teleportation
 g - 2 scrolls of fear
 m - a scroll of amnesia
 x - a scroll of brand weapon {unknown}
 y - a scroll of enchant armour {unknown}
 z - a scroll of magic mapping
Potions
 e - a potion of ambrosia
 i - 4 potions of cancellation
 o - 2 potions of flight
 r - a potion of curing
 u - a potion of might
 v - a potion of lignification
Books
 a - a book of Conjurations

   Spells                             Type                      Level
   a - Magic Dart                     Conjuration                  1
   b - Searing Ray                    Conjuration                  2
   c - Dazzling Spray                 Conjuration/Hexes            3
   d - Fulminant Prism                Conjuration/Hexes            4
   e - Force Lance                    Conjuration/Translocation    4
   f - Iskenderun's Mystic Blast      Conjuration                  4
 A - a book of Air

   Spells                             Type                      Level
   a - Shock                          Conjuration/Air              1
   b - Swiftness                      Charms/Air                   2
   c - Static Discharge               Conjuration/Air              3
   d - Airstrike                      Air                          4
   e - Lightning Bolt                 Conjuration/Air              5
Comestibles
 b - 8 rations


   Skills:
 + Level 7.9 Fighting
 - Level 3.1 Short Blades
 + Level 5.6 Dodging
 - Level 4.6 Stealth
 + Level 3.6 Spellcasting
 + Level 9.4 Conjurations
 - Level 5.0 Translocations
 + Level 7.0 Evocations


You had 6 spell levels left.
You knew the following spells:

 Your Spells              Type           Power        Failure   Level  Hunger
a - Magic Dart            Conj           ####         1%          1    None
b - Searing Ray           Conj           #####.       1%          2    ##.....
c - Dazzling Spray        Conj/Hex       ###...       7%          3    ###....
d - Force Lance           Conj/Tloc      ####....     8%          4    ####...


Dungeon Overview and Level Annotations

Branches:
Dungeon (10/15)            Temple (0/1) D:5            Lair (0/6) D:8
    Orc: D:9-12

Altars:
Ashenzari
Dithmenos
Kikubaaqudgha
Makhleb
Nemelex Xobeh
Okawaru
Qazlal
Uskayaw
Vehumet
Zin
The Shining One

Annotations:
D:7 lansh's ghost, novice OgBe


Innate Abilities, Weirdness & Mutations

You can breathe blasts of fire.
Your fiery red scales are hard. (AC +7)
You cannot fit into any form of body armour.
Your flesh is very heat resistant. (rF++)
You are cold-blooded and may be slowed by cold attacks.
You are weak. (Str -2)


Message History

* * * LOW HITPOINT WARNING * * *
You feel much better. The yak misses you. The yak gores you.
* * * LOW HITPOINT WARNING * * *
You puncture the yak!
You kill the yak!
The yak gores you.
* * * LOW HITPOINT WARNING * * *
You hit the yak.
The yak is lightly wounded.
The yak gores you.
* * * LOW HITPOINT WARNING * * *
You hit the yak.
You feel better.
The yak is lightly wounded.
The yak misses you.
You barely miss the yak.
The yak is lightly wounded.
The yak gores you.
* * * LOW HITPOINT WARNING * * *
The yak gores you!
You die...

#.>.##..######################
####..........'..................
...#..........#.....[............
...'.........##..##.........#####
####...##....##..##.........#....
...#...##....##..#########'##....
...#...##....##..#...............
...+...+......+..#...............
...###'##.....#†@'...............
........########Y#...............
......................####....#'#
###...................#..#....#..
..'...................#..#....#..
..#...................#..#....#..
###...................#(.#....#..
.#######..............#..#....#..
.#.....#..............##'#....###


You could see a yak.

Vanquished Creatures
  A two-headed ogre (D:8)
  15 yaks (D:10)
  3 hogs (D:10)
  A human (D:10)
  2 hungry ghosts
  A porcupine (D:8)
  2 ice beasts
  4 phantoms
  2 orc warriors
  A sky beast (D:6)
  2 black bears (D:8)
  A necrophage (D:10)
  5 ogres
  2 centaurs (D:10)
  A big kobold (D:10)
  4 bullfrogs
  A gnoll sergeant (D:7)
  3 scorpions
  3 killer bees (D:8)
  3 crimson imps
  2 howler monkeys (D:7)
  4 bullfrog skeletons
  A hound (D:7)
  A centaur skeleton (D:8)
  3 orc priests
  4 orc wizards
  9 worker ants
  3 gnolls (D:7)
  9 adders
  A shadow imp (D:7)
  An adder zombie (D:5)
  3 worms
  2 dart slugs (D:1)
  A leopard gecko (D:1)
  17 orcs
  6 bats
  3 giant cockroaches
  8 hobgoblins
  6 jackals
  8 kobolds
  5 quokkas
  A ball python (D:1)
  7 frilled lizards
  5 goblins
  A leopard gecko skeleton (D:5)
  2 leopard gecko zombies (D:5)
  A quokka skeleton (D:4)
  6 rats
177 creatures vanquished.

Vanquished Creatures (others)
  11 fungi (D:8)
11 creatures vanquished.

Grand Total: 188 creatures vanquished

Notes
Turn   | Place    | Note
-------+----------+-------------------------------------------
     0 | D:1      | pomescollege the Draconian Conjurer began the quest for the Orb.
     0 | D:1      | Reached XP level 1. HP: 14/14 MP: 3/3
   168 | D:1      | Reached XP level 2. HP: 22/22 MP: 0/5
   206 | D:1      | Learned a level 2 spell: Searing Ray
   318 | D:1      | Reached skill level 1 in Fighting
   966 | D:1      | Found a sparkling altar of Nemelex Xobeh.
   974 | D:1      | Reached XP level 3. HP: 28/28 MP: 3/6
  1179 | D:1      | Learned a level 3 spell: Dazzling Spray
  1415 | D:2      | Reached XP level 4. HP: 29/36 MP: 4/7
  1704 | D:2      | Found a stormy altar of Qazlal.
  2655 | D:4      | Noticed an orc warrior
  2665 | D:3      | Reached XP level 5. HP: 33/42 MP: 7/9
  2773 | D:4      | Reached skill level 5 in Conjurations
  3001 | D:4      | Learned a level 4 spell: Force Lance
  3171 | D:4      | Reached XP level 6. HP: 27/51 MP: 7/10
  3571 | D:4      | Reached skill level 1 in Short Blades
  3571 | D:4      | Reached skill level 1 in Translocations
  3921 | D:4      | Found a shattered altar of Ashenzari.
  4113 | D:5      | Entered Level 5 of the Dungeon
  4323 | D:5      | Your scales start taking on a fiery red colour.
  4323 | D:5      | Reached XP level 7. HP: 57/57 MP: 9/11
  4323 | D:5      | Gained mutation: Your flesh is heat resistant. (rF+) [Red Draconian growth]
  4514 | D:5      | Found an ancient bone altar of Kikubaaqudgha.
  4830 | D:4      | Became a worshipper of Ashenzari the Shackled
  4929 | D:5      | Found a staircase to the Ecumenical Temple.
  5400 | D:6      | Reached XP level 8. HP: 48/67 MP: 3/12
  5497 | D:6      | Reached skill level 6 in Conjurations
  5727 | D:6      | Found a glowing golden altar of the Shining One.
  6088 | D:6      | Gained mutation: You are weak. (Str -2) [potion of mutation]
  6088 | D:6      | Gained mutation: Your flesh is very heat resistant. (rF++) [potion of mutation]
  6135 | D:6      | Reached skill level 1 in Evocations
  6552 | D:7      | Reached * piety under Ashenzari
  6560 | D:7      | Found an iron altar of Okawaru.
  6560 | D:7      | Found a shadowy altar of Dithmenos.
  6583 | D:7      | Reached skill level 7 in Conjurations
  6603 | D:7      | Noticed lansh's ghost (novice OgBe)
  6909 | D:7      | Found a radiant altar of Vehumet.
  6978 | D:7      | Reached skill level 5 in Translocations
  6978 | D:7      | Reached XP level 9. HP: 72/72 MP: 13/13
  7026 | D:7      | Found a burning altar of Makhleb.
  7029 | D:7      | Noticed a balrug
  7032 | D:7      | Found a glowing silver altar of Zin.
  7032 | D:7      | Noticed an angel
  7048 | D:7      | Identified the ring of Youthful Indiscretion {Fire Int+2}
  7413 | D:8      | Noticed a two-headed ogre
  7419 | D:8      | Killed a two-headed ogre
  7419 | D:8      | Reached skill level 5 in Fighting
  7726 | D:8      | Reached skill level 8 in Conjurations
  7726 | D:8      | Reached skill level 5 in Evocations
  7792 | D:8      | Found a staircase to the Lair.
  8035 | D:8      | Found a hide-covered altar of Uskayaw.
  8157 | D:8      | You fall through a shaft for 2 floors!
  8157 | D:10     | Entered Level 10 of the Dungeon
  8200 | D:10     | Reached XP level 10. HP: 28/84 MP: 9/14
  9751 | D:10     | Reached skill level 5 in Dodging
  9751 | D:10     | Reached skill level 9 in Conjurations
 10026 | D:10     | Identified the +8 trident "Viwnira" {chaos, Str+4}
 10494 | D:10     | HP: 1/88 [yak (15)]
 10500 | D:10     | Slain by a yak

Skill      XL: |  1  2  3  4  5  6  7  8  9 10 |
---------------+-------------------------------+-----
Stealth        | 2 3 4 |  4.6
Fighting       | 1 2 3 4 6 7 |  7.9
Spellcasting   | 3 |  3.6
Conjurations   | 5 7 8 9 |  9.4
Short Blades   | 1 2 3 |  3.1
Translocations | 1 2 5 |  5.0
Evocations     | 3 5 7 |  7.0
Dodging        | 4 5 |  5.6

Action                   |  1- 3 |  4- 6 |  7- 9 | 10-12 || total
-------------------------+-------+-------+-------+-------++-------
Melee: Short sword       |    44 |    14 |       |       ||    58
       Club              |    10 |       |       |       ||    10
       Tailslap          |     2 |     8 |    20 |    17 ||    47
       Dagger            |       |    63 |   214 |    66 ||   343
       Trident           |       |       |       |    51 ||    51
Throw: Stone             |       |     3 |       |       ||     3
       Tomahawk          |       |     2 |     1 |       ||     3
 Cast: Magic Dart        |    55 |   106 |   137 |    29 ||   327
       Searing Ray       |     1 |     3 |     8 |     5 ||    17
       Dazzling Spray    |       |     3 |     1 |     4 ||     8
       Force Lance       |       |       |     5 |     1 ||     6
Invok: Curse Item        |       |       |     4 |       ||     4
       Scrying           |       |       |     1 |       ||     1
 Abil: Breathe Fire      |       |       |     2 |       ||     2
Evoke: Wand              |       |       |    32 |    14 ||    46
  Use: Scroll            |     3 |     9 |     7 |     2 ||    21
       Potion            |     2 |       |     4 |     4 ||    10
 Stab: Paralysed         |       |       |    12 |     4 ||    16
       Sleeping          |       |       |     1 |     2 ||     3
  Eat: Chunk             |     2 |     7 |     6 |     1 ||    16
       Ration            |       |     1 |     7 |     2 ||    10
Armor: Skin              |    16 |    21 |    82 |    28 ||   147
Dodge: Dodged            |    46 |    41 |   122 |   108 ||   317
